Map: Orbital Shipyard

Players

MorN

  • Race: Terran Terran
  • League: Master

Arcanumus - Winner!

  • Race: Terran Terran
  • League: Master

VOD

Have the link to the VOD?

Description

Time

  • Played on: Nov. 17, 2015, 6:58 p.m.
  • Length: 6:04
Show
View Real Time Build Order
Export as new Build Order

MorN Terran 

Build Orders: Liberator Opening 

Get SALT Encoding   

  12  0:00  SCV  
  13  0:13  SCV  
  14  0:17  Supply Depot  
  14  0:26  SCV  
  15  0:30  Refinery  
  15  0:39  SCV  
  16  0:45  Barracks  
  16  0:51  SCV  
  17  1:03  SCV  
  18  1:16  SCV  
  19  1:32  Orbital Command  
  19  1:34  Marine  
  20  1:45  Command Center  
  20  1:53  Factory  
  20  1:56  Marine  
  21  2:05  Supply Depot  
  21  2:09  SCV  
  21  2:15  Marine  
  23  2:21  Refinery  
  23  2:27  SCV  
  24  2:31  Bunker  
  24  2:34  Barracks Tech Lab  
  24  2:38  Hellion  
  26  2:47  SCV  
  27  2:58  Orbital Command  
  30  3:05  Cyclone  
  30  3:08  SCV  
  31  3:19  Starport  
  31  3:21  SCV  
  31  3:23  Supply Depot, SCV  
  33  3:33  SCV  
  34  3:34  Barracks Reactor  
  34  3:35  SCV  
  35  3:45  SCV  
  36  3:50  Liberator  
  36  3:59  Barracks x2  
  36  4:08  SCV  
  40  4:10  SCV  
  41  4:29  Marine x2  
  41  4:30  Factory Tech Lab  
  40  4:44  SCV  
  41  4:46  SCV  
  42  5:02  SCV  
  42  5:03  Barracks Tech Lab x2  
  43  5:11  Starport Reactor  
  43  5:24  Marine  
  43  5:28  SCV  
  45  5:29  Siege Tank  
  45  5:30  SCV  
  45  5:44  Marine  
  46  5:59  Supply Depot x2  
  46  6:02  Supply Depot x2  
Show
View Real Time Build Order
Export as new Build Order

Arcanumus Terran - Winner!

Build Orders: Liberator Opening 

Get SALT Encoding   

  12  0:01  SCV  
  13  0:14  SCV  
  14  0:18  Supply Depot  
  14  0:25  Refinery  
  14  0:27  SCV  
  15  0:41  SCV  
  16  0:46  Barracks  
  16  0:53  SCV  
  17  1:05  SCV  
  17  1:10  Refinery  
  18  1:17  SCV  
  19  1:32  Orbital Command  
  19  1:33  Reaper  
  19  1:37  Supply Depot  
  20  1:44  Factory  
  20  1:58  SCV  
  21  2:10  Barracks Reactor  
  21  2:11  SCV  
  21  2:12  Supply Depot  
  22  2:27  Factory Tech Lab  
  22  2:32  Starport  
  22  2:34  SCV  
  23  2:47  Marine x2  
  23  2:48  Siege Tank  
  23  2:50  SCV  
  28  2:54  Liberator  
  28  2:55  Barracks  
  28  3:04  Marine x2  
  30  3:10  Supply Depot  
  33  3:22  Marine x2  
  35  3:29  Siege Tank  
  35  3:32  Supply Depot  
  38  3:40  Marine x2  
  40  3:44  Barracks Tech Lab  
  40  3:45  Liberator  
  40  3:46  SCV  
  41  4:02  Marine x2  
  43  4:03  Marine  
  43  4:07  Supply Depot  
  43  4:09  Supply Depot  
  46  4:27  Marine x3  
  46  4:28  Siege Tank  
  52  4:45  Marine x2  
  47  4:48  Marine  
  48  5:02  Marine  
  48  5:03  SCV, Marine  
  48  5:06  Marine  
  52  5:20  Siege Tank, Marine x2  
  56  5:35  Marine  
  54  5:38  Marine x2  
Tags
 
Add a new tag
Caveats
  • Supply blocks, unpowered buildings, or Contaminate may cause inaccurate times.
  • Supply counts are checked every 10 seconds.